 Dungeon Crawl Stone Soup version 0.18.1-5-g4a78601 (webtiles) character file.

45081 IcyTea the Fencer (level 14, 0/121 HPs)
             Began as a Hill Orc Fighter on May 11, 2016.
             Was an Elder of Beogh.
             Slain by a spriggan rider
             ... wielding a +0 spear
              (10 damage)
             ... on level 2 of the Swamp.
             The game lasted 02:20:45 (25441 turns).

IcyTea the Fencer (Hill Orc Fighter)               Turns: 25441, Time: 02:20:46

Health: 0/121      AC: 26    Str: 29    XL:     14   Next: 31%
Magic:  19/19      EV: 14    Int:  8    God:    Beogh [****..]
Gold:   1087       SH: 11    Dex: 26    Spells: 2 memorised, 10 levels left

rFire  . . .     SeeInvis +     b - +2 falchion (freeze)
rCold  + . .     Gourm    .     T - +3 chain mail {rPois}
rNeg   . . .     Faith    .     B - +1 buckler of Brilliance {rElec rC+ Dex+6 Stlth-}
rPois  +         Spirit   .     I - +1 helmet
rElec  +         Dismiss  .     S - +1 cloak
rCorr  .         Reflect  +     (no gloves)
SustAt .         Harm     .     v - +1 pair of boots
MR     +....     Clarity  +     D - +2 amulet of reflection
Stlth  ..........               E - ring of see invisible
                                V - +5 ring of dexterity

@: mighty, agile, lethally poisoned (0 -> 0), flying, very slightly
contaminated, hasted, very quick, somewhat resistant to hostile enchantments,
extremely unstealthy
A: thin metallic scales 1, blurry vision 1, clarity, deterioration 1, subdued
magic 1
a: Smiting, Recall Orcish Followers, Renounce Religion


You were on level 2 of the Swamp.
You worshipped Beogh.
Beogh was greatly pleased with you.
You were hungry.

You visited 5 branches of the dungeon, and saw 21 of its levels.
You also visited: Ice Cave.

You collected 1372 gold pieces.
You spent 285 gold pieces at shops.

Inventory:

Hand Weapons
 a - a +2 scimitar
 b - a +2 falchion of freezing (weapon)
Missiles
 A - 5 steel tomahawks
 F - 7 javelins (quivered)
Armour
 v - a +1 pair of boots (worn)
 B - the +1 buckler of Brilliance (worn) {rElec rC+ Dex+6 Stlth-}
   (You found it on level 7 of the Dungeon)

   It affects your dexterity (+6).
   It protects you from cold.
   It insulates you from electricity.
   It makes you less stealthy.
 I - a +1 helmet (worn)
 S - a +1 cloak (worn)
 T - a +3 chain mail of poison resistance (worn)
Jewellery
 t - an uncursed ring of protection from cold
 D - a +2 amulet of reflection (around neck)
 E - a ring of see invisible (right hand)
 H - an uncursed amulet of harm
 U - an uncursed ring of sustain attributes
 V - a +5 ring of dexterity (left hand)
Wands
 c - a wand of iceblast (2/15)
 g - a wand of hasting (5/9)
 q - a wand of heal wounds (0/9)
 y - a wand of acid (0/15)
 J - a wand of lightning (0/15)
 R - a wand of disintegration (3/24)
Scrolls
 e - 3 scrolls of magic mapping
 k - a scroll of holy word
 n - 5 scrolls of teleportation
 p - 6 scrolls of remove curse
 r - 3 scrolls of blinking
 u - 5 scrolls of fog
 K - a scroll of immolation
 L - 3 scrolls of recharging
 N - 5 scrolls of fear
 Q - 6 scrolls of identify
 W - 3 scrolls of vulnerability
Potions
 o - a potion of agility
 x - 2 potions of curing
 C - a potion of flight
 M - a potion of mutation
 O - 3 potions of resistance
 P - 2 potions of beneficial mutation
Books
 j - a book of Spatial Translocations

   Spells                             Type                      Level
   a - Apportation                    Translocation                1
   b - Blink                          Translocation                2
   c - Shroud of Golubria             Charms/Translocation         2
   d - Portal Projectile              Translocation                3
   e - Teleport Other                 Translocation                3
   f - Passage of Golubria            Translocation                4
 s - a book of the Earth

   Spells                             Type                      Level
   a - Leda's Liquefaction            Hexes/Earth                  4
   b - Bolt of Magma                  Conjuration/Fire/Earth       5
   c - Statue Form                    Transmutation/Earth          6
   d - Iron Shot                      Conjuration/Earth            6
   e - Shatter                        Earth                        9
 G - a book of Party Tricks

   Spells                             Type                      Level
   a - Summon Butterflies             Summoning                    1
   b - Apportation                    Translocation                1
   c - Tukima's Dance                 Hexes                        3
   d - Alistair's Intoxication        Transmutation/Poison         5
   e - Invisibility                   Hexes                        6
Miscellaneous
 m - a lamp of fire
 z - a fan of gales
Comestibles
 f - 13 bread rations
 h - 9 slices of pizza
 i - 8 meat rations
 l - 11 royal jellies


   Skills:
 - Level 10.0 Fighting
 + Level 17.9 Long Blades
 - Level 3.0 Throwing
 - Level 12.0 Armour
 - Level 7.2 Shields
 - Level 5.1 Summonings
 - Level 7.0 Invocations
 - Level 5.0 Evocations


You had 10 spell levels left.
You knew the following spells:

 Your Spells              Type           Power        Failure   Level  Hunger
a - Blink                 Tloc           N/A          99%         2    ###....
b - Summon Butterflies    Summ           #.......     17%         1    ##.....


Dungeon Overview and Level Annotations

Branches:
Dungeon (14/15)            Temple (1/1) D:4            Lair (3/8) D:11
  Swamp (2/4) Lair:3          Orc (1/2) D:10         Vaults (0/5) D:14
  Snake: Lair:3-6    Spider: Lair:3-6

Altars:
Ashenzari
Cheibriados
Dithmenos
Elyvilon
Fedhas
Gozag
Kikubaaqudgha
Makhleb
Nemelex Xobeh
Okawaru
Pakellas
Qazlal
Ru
Sif Muna
Trog
Vehumet
Xom
Yredelemnul
Zin
The Shining One

Shops:
D:5 ?   D:10 [

Annotations:
D:14 exclusion: Roxanne, Roxanne


Innate Abilities, Weirdness & Mutations

You are partially covered in thin metallic scales (AC +2).
Scrolls take you a little longer to read.
You possess an exceptional clarity of mind.
Your body sometimes deteriorates upon taking damage.
Your spells are a little easier to cast, but a little less powerful.


Message History

You begin reading the scroll.
You continue reading the scroll.
The spriggan rider hits you but does no damage.
The wasp stings you but does no damage. x2
You block the spriggan rider's attack. The swamp dragon bites you!
* * * LOW HITPOINT WARNING * * *
The swamp dragon barely misses you. x2
Blink to where?
Press: ? - help, Dir - move target cursor
As you read the scroll of blinking, it crumbles to dust.
You feel sick.
You escape the reach of the grasping roots.
Drink which item? (? for menu, Esc to quit)
You feel very buoyant.
You fly up into the air.
There is a shaft here.
You feel sick.
The spriggan rider is sucked into a shaft!
The shaft crumbles and collapses.
The spriggan rider hits you from afar with a spear!
You die...

♣♣.....♣......≈♣♣♣♣♣♣
♣♣§.≈≈≈..≈≈≈.≈.≈.....♣
♣♣§....≈≈≈.≈§..≈≈≈≈≈...
♣≈..≈≈≈.≈...♣♣♣.≈≈≈..♣.
♣♣..≈≈≈≈≈..≈♣♣ ♣≈.≈≈.♣♣.
♣[.≈≈≈≈≈≈(.≈♣ ♣♣≈.≈♣♣♣≈
♣.≈≈≈≈≈≈...♣♣♣ ..♣♣♣♣ ♣♣
♣♣♣♣♣ ♣.≈≈≈≈≈≈....≈♣♣≈.
♣
♣..≈♣♣♣.≈≈≈i≈@<......♣♣
♣ ♣≈...♣♣.≈≈≈i≈≈...≈≈≈.
. ♣♣♣≈..♣.≈≈≈≈≈≈≈.≈≈≈≈.
♣♣♣ ♣≈..)♣.≈≈≈≈.......≈
..♣ ♣♣♣≈≈≈y§..≈♣♣≈.....
≈≈♣♣♣♣♣♣≈.....♣♣♣ ♣.§≈≈.
≈≈≈♣♣≈≈..≈...≈≈♣ ..≈≈.
≈......≈≈..>...§≈..≈....
♣♣♣....f...≈♣..≈♣♣. ..


You could see 2 spriggan riders and a wasp.

Vanquished Creatures
  A vault guard (D:13)
  Erolcha (D:12)
  9 hydras
  2 alligators (Swamp:1)
  3 unseen horrors
  A swamp dragon (Swamp:1)
  5 hill giants
  A phantasmal warrior (D:13)
  A shambling mangrove (Swamp:1)
  2 manticores
  4 ugly things (D:12)
  A hornet (Swamp:2)
  3 cyclopes
  Maurice (Orc:1)
  A black mamba (Lair:3)
  A guardian serpent (shapeshifter) (D:13)
  7 spiny frogs
  4 komodo dragons
  A rime drake (Lair:2)
  2 trolls
  A queen bee (Lair:2)
  A tengu conjurer (D:14)
  6 polar bears (IceCv)
  2 two-headed ogres
  10 slime creatures
  2 bog bodies (Swamp:1)
  2 spriggans (Swamp:1)
  3 wraiths
  A vampire (D:9)
  2 shadows
  11 yaks
  A hog (D:7)
  A hungry ghost (D:12)
  A human (D:7)
  6 vampire mosquitoes (Swamp:1)
  A basilisk (D:13)
  5 hippogriffs
  2 swamp worms (Swamp:1)
  3 water moccasins
  4 porcupines
  3 black bears
  3 sky beasts
  An ice beast (D:6)
  An eye of draining (D:10)
  8 orc warriors
  A necrophage (D:6)
  4 phantoms
  3 swamp drakes (Swamp:1)
  4 wasps
  4 centaurs
  7 wolves
  6 ogres
  5 crocodiles
  The ghost of kolansburg the Charmwright, an amateur HESk of the Shining One (D:3)
  Blork the orc (D:4)
  3 big kobolds
  18 giant frogs
  A water moccasin zombie (D:10)
  A wyvern zombie (D:8)
  4 scorpions
  A wyvern skeleton (D:13)
  27 killer bees
  14 wights
  A howler monkey (D:6)
  7 crimson imps
  3 centaur zombies
  4 giant frog zombies
  8 orc priests
  6 hounds
  6 centaur skeletons
  6 iguanas
  2 jellies
  11 orc wizards
  5 giant frog skeletons
  12 worker ants
  Ijyb (D:2)
  3 sheep (D:7)
  A hound zombie (D:5)
  12 gnolls
  A worker ant zombie (D:8)
  12 adders
  7 white imps (Orc:1)
  2 oozes
  An adder zombie (D:7)
  5 worms
  4 dart slugs
  8 giant geckos
  44 orcs
  A ball python (D:2)
  5 giant cockroaches
  10 goblins
  14 hobgoblins
  8 jackals
  6 quokkas
  8 bats
  A giant cockroach zombie (D:6)
  A giant gecko skeleton (D:6)
  A giant gecko zombie (D:6)
  5 giant newts
  20 kobolds
  2 quokka skeletons (D:4)
  8 rats
499 creatures vanquished.

Vanquished Creatures (collateral kills)
  A hydra (Lair:1)
  A two-headed ogre (D:8)
  2 yaks (Lair:1)
  A hippogriff (D:9)
  A warg (Orc:1)
  A soldier ant (D:8)
  An orc warrior (D:10)
  4 ogres (Orc:1)
  A centaur (D:10)
  3 giant frogs
  8 wights
  4 crimson imps
  A howler monkey (D:8)
  2 orc priests (Orc:1)
  A gnoll shaman (D:8)
  A giant frog skeleton (D:9)
  A worker ant (D:10)
  3 adders (D:9)
  A gnoll (D:9)
  5 white imps (Orc:1)
  6 orcs
  A jackal (D:8)
50 creatures vanquished.

Vanquished Creatures (others)
  2 orc warriors (Orc:1)
  2 orc wizards
  A swamp worm (Swamp:1)
  2 orc priests
  An adder skeleton (D:4)
  14 orcs
22 creatures vanquished.

Grand Total: 571 creatures vanquished

Notes
Turn   | Place    | Note
--------------------------------------------------------------
     0 | D:1      | IcyTea the Hill Orc Fighter began the quest for the Orb.
     0 | D:1      | Reached XP level 1. HP: 19/19 MP: 1/1
   121 | D:1      | Reached skill level 3 in Long Blades
   121 | D:1      | Reached XP level 2. HP: 23/26 MP: 2/2
   369 | D:1      | Reached XP level 3. HP: 31/31 MP: 3/3
   423 | D:1      | Reached skill level 4 in Long Blades
   826 | D:2      | Reached XP level 4. HP: 10/39 MP: 4/4
  1399 | D:2      | Found a deep blue altar of Sif Muna.
  1414 | D:2      | Reached skill level 5 in Long Blades
  1562 | D:2      | Noticed Ijyb
  1566 | D:2      | Killed Ijyb
  1629 | D:3      | Reached XP level 5. HP: 44/45 MP: 5/5
  1680 | D:3      | Noticed kolansburg's ghost (amateur HESk)
  1693 | D:2      | Reached skill level 6 in Long Blades
  1711 | D:3      | Killed kolansburg's ghost
  1711 | D:3      | Reached XP level 6. HP: 42/51 MP: 6/6
  1869 | D:3      | Found a faded altar to an unknown god.
  2234 | D:3      | Reached skill level 7 in Long Blades
  2456 | D:4      | Became a worshipper of Beogh the Brigand
  2800 | D:4      | Reached skill level 8 in Long Blades
  2800 | D:4      | Reached XP level 7. HP: 57/57 MP: 7/7
  3112 | D:4      | Found a staircase to the Ecumenical Temple.
  3120 | Temple   | Entered the Ecumenical Temple
  3508 | D:4      | Noticed Blork the orc
  3526 | D:4      | Killed Blork the orc
  3682 | D:5      | Entered Level 5 of the Dungeon
  3692 | D:5      | Reached skill level 9 in Long Blades
  4006 | D:6      | Reached skill level 1 in Invocations
  4486 | D:6      | Reached * piety under Beogh
  4699 | D:5      | Reached XP level 8. HP: 57/64 MP: 11/11
  4815 | D:5      | Found an oddly glowing altar of Pakellas.
  4815 | D:5      | Noticed an eight-headed hydra
  4956 | D:5      | Found an oddly glowing altar of Pakellas.
  5256 | D:5      | Reached skill level 5 in Shields
  5476 | D:5      | Found Xadics's Magic Scroll Shop.
  5481 | D:5      | Bought a scroll of enchant armour for 105 gold pieces
  5580 | D:5      | Got an ancient ring mail
  5581 | D:5      | Identified the cursed +0 ring mail of the Serpent {rPois Dex+3 Stlth-} (You found it on level 5 of the Dungeon)
  5909 | D:6      | Reached XP level 9. HP: 16/70 MP: 12/12
  5914 | D:6      | Gained mutation: Your spells are a little easier to cast, but a little less powerful. [potion of mutation]
  5914 | D:6      | Gained mutation: Armour fits poorly on your strangely shaped body. [potion of mutation]
  5914 | D:6      | Gained mutation: Scrolls take you a little longer to read. [potion of mutation]
  6201 | D:6      | Reached skill level 5 in Armour
  6281 | D:6      | Reached ** piety under Beogh
  7125 | D:6      | Learned a level 2 spell: Blink
  7373 | D:7      | Reached skill level 5 in Fighting
  7381 | D:7      | Found a shattered altar of Ashenzari.
  7492 | D:7      | Found a snail-covered altar of Cheibriados.
  7705 | D:7      | Got an ancient buckler
  7708 | D:7      | Identified the +1 buckler of Brilliance {rElec rC+ Dex+6 Stlth-} (You found it on level 7 of the Dungeon)
  7790 | D:7      | Found a glowing silver altar of Zin.
  7926 | D:7      | Reached skill level 5 in Invocations
  8029 | D:7      | Reached XP level 10. HP: 55/82 MP: 15/15
  8055 | D:7      | Reached *** piety under Beogh
  9023 | D:8      | Reached skill level 10 in Long Blades
  9188 | D:8      | Gained mutation: You are partially covered in thin metallic scales (AC +2). [potion of mutation]
  9188 | D:8      | Lost mutation: Armour fits poorly on your strangely shaped body. [potion of mutation]
  9188 | D:8      | Gained mutation: Your body sometimes deteriorates upon taking damage. [potion of mutation]
  9255 | D:8      | Found a glowing golden altar of the Shining One.
  9922 | D:9      | Reached skill level 11 in Long Blades
  9989 | D:9      | Learned a level 1 spell: Summon Butterflies
 10015 | D:9      | Reached skill level 1 in Summonings
 10400 | D:9      | Found a stormy altar of Qazlal.
 10514 | D:9      | Found an iron altar of Okawaru.
 10647 | D:9      | Found a shadowy altar of Dithmenos.
 10926 | D:10     | Entered Level 10 of the Dungeon
 11080 | D:10     | Found a staircase to the Orcish Mines.
 11088 | D:10     | Reached **** piety under Beogh
 11120 | Orc:1    | Entered Level 1 of the Orcish Mines
 11128 | Orc:1    | Found a frozen archway.
 11174 | IceCv    | Entered an ice cave
 11444 | IceCv    | Reached XP level 11. HP: 8/89 MP: 16/16
 11451 | IceCv    | Reached skill level 12 in Long Blades
 11908 | IceCv    | Gained mutation: You possess an exceptional clarity of mind. [potion of beneficial mutation]
 12020 | IceCv    | Noticed a frost giant
 12171 | Orc:1    | Reached skill level 13 in Long Blades
 12211 | Orc:1    | Noticed Maurice
 12212 | Orc:1    | Noticed a stone giant
 12218 | Orc:1    | Killed Maurice
 12232 | Orc:1    | Noticed an orc sorcerer
 12232 | Orc:1    | Noticed an orc warlord
 12232 | Orc:1    | Noticed an orc knight
 12236 | Orc:1    | Noticed an orc knight
 12246 | Orc:1    | Noticed a sixfirhy
 13062 | D:10     | Found Toerry's Armour Boutique.
 13062 | D:10     | Noticed an unseen horror
 13085 | D:10     | Killed an unseen horror
 13091 | D:10     | Bought a +0 cloak for 45 gold pieces
 13091 | D:10     | Bought a +1 chain mail of poison resistance for 135 gold pieces
 13523 | D:10     | You fall through a shaft for 2 floors!
 13621 | D:12     | Noticed a purple ugly thing
 13627 | D:12     | Noticed a cyan ugly thing
 13627 | D:12     | Noticed a hill giant
 13651 | D:12     | Killed a cyan ugly thing
 13651 | D:12     | Reached skill level 14 in Long Blades
 13661 | D:12     | Killed a purple ugly thing
 13666 | D:12     | Killed a hill giant
 14018 | D:11     | Found a staircase to the Lair.
 14019 | D:11     | Noticed an eight-headed hydra
 14029 | D:11     | Killed an 11-headed hydra
 14394 | D:11     | Reached skill level 5 in Summonings
 14419 | D:11     | Reached XP level 12. HP: 97/97 MP: 17/17
 14469 | D:11     | Noticed a seven-headed hydra
 14478 | D:11     | Killed an 11-headed hydra
 16087 | D:12     | You fall through a shaft for 2 floors!
 16128 | D:13     | Reached skill level 15 in Long Blades
 16816 | D:12     | Noticed Erolcha
 16848 | D:12     | Killed Erolcha
 16848 | D:12     | Reached skill level 16 in Long Blades
 17841 | D:13     | Reached XP level 13. HP: 109/111 MP: 18/18
 17953 | D:13     | Reached skill level 17 in Long Blades
 18248 | D:14     | Noticed Roxanne
 18285 | D:14     | Reached skill level 1 in Evocations
 18390 | D:14     | Found a gate to the Vaults.
 18390 | D:14     | Noticed a vault guard
 18390 | D:14     | Noticed a vault guard
 18390 | D:14     | Noticed a vault guard
 18391 | D:14     | Noticed a vault guard
 18391 | D:14     | Noticed a vault guard
 18391 | D:14     | Noticed a vault guard
 18392 | D:14     | Noticed a vault guard
 18393 | D:14     | Noticed a vault guard
 18820 | D:13     | Killed a vault guard
 19237 | Lair:1   | Entered Level 1 of the Lair of Beasts
 19440 | Lair:1   | Reached skill level 5 in Evocations
 19791 | Lair:1   | Reached skill level 10 in Fighting
 20248 | Lair:2   | Reached skill level 1 in Throwing
 22110 | Lair:2   | Reached skill level 10 in Armour
 22976 | Lair:3   | Found a staircase to the Swamp.
 23047 | Swamp:1  | Entered Level 1 of the Swamp
 23748 | Swamp:1  | Reached XP level 14. HP: 121/121 MP: 19/19
 25441 | Swamp:2  | Slain by a spriggan rider

Skill      XL: |  1  2  3  4  5  6  7  8  9 10 11 12 13 14 |
---------------+-------------------------------------------+-----
Long Blades    | 3 4 5 6 8 9 11 14 16 17 | 17.9
Invocations    | 4 6 7 |  7.0
Shields        | 7 |  7.2
Armour         | 4 7 9 11 12 | 12.0
Fighting       | 6 9 10 | 10.0
Summonings     | 3 5 |  5.1
Evocations     | 5 |  5.0
Throwing       | 3 |  3.0

Action                   |  1- 3 |  4- 6 |  7- 9 | 10-12 | 13-15 || total
-------------------------+-------+-------+-------+-------+-------++-------
Melee: Long sword        |    98 |   207 |   540 |   134 |       ||   979
       Scimitar          |       |       |       |   199 |    52 ||   251
       Falchion          |       |       |       |   550 |   688 ||  1238
Throw: Javelin           |       |       |       |     1 |     3 ||     4
Invok: Convert to Beogh  |       |     1 |       |       |       ||     1
       Smiting           |       |       |     1 |    35 |     3 ||    39
Evoke: Wand              |       |       |     1 |     8 |    37 ||    46
       Lamp of fire      |       |       |       |       |     1 ||     1
  Use: Scroll            |     5 |     3 |     9 |    15 |     8 ||    40
       Potion            |     1 |     3 |     6 |    13 |     4 ||    27
 Stab: Distracted        |       |       |       |     5 |       ||     5
  Eat: Chunk             |       |     7 |    16 |    31 |    17 ||    71
       Beef jerky        |       |       |     1 |     1 |     4 ||     6
       Fruit             |       |       |       |     3 |     5 ||     8
Armor: Scale mail        |    32 |    26 |       |       |       ||    58
       Chain mail        |       |    50 |   115 |   218 |   395 ||   778
       Plate armour      |       |       |    75 |   257 |       ||   332
Dodge: Dodged            |    30 |    37 |    73 |   244 |   192 ||   576
Block: Shield            |    49 |   111 |   280 |       |       ||   440
       Buckler           |       |       |    18 |   295 |   338 ||   651
